 Dungeon Crawl Stone Soup version 0.17-a0-1572-g7a1422d (webtiles) character file.

128 karlkraus the Shield-Bearer (level 4, -2/41 HPs)
             Began as a Minotaur Fighter on July 24, 2015.
             Slain by Sigmund
             ... wielding a +1 scythe of slicing
              (9 damage)
             ... on level 3 of the Dungeon.
             The game lasted 00:04:38 (1049 turns).

karlkraus the Shield-Bearer (Minotaur Fighter)      Turns: 1049, Time: 00:04:38

Health: -2/41      AC: 10    Str: 21    XL:     4   Next: 86%
Magic:  3/3        EV:  6    Int:  5    God:
Gold:   121        SH:  9    Dex: 10    Spells: 0 memorised, 3 levels left

rFire  . . .     SeeInvis .     a - +0 flail
rCold  . . .     Clarity  .     w - +0 chain mail
rNeg   + . .     SustAt   .     c - +0 shield
rPois  .         Gourm    .     (helmet restricted)
rElec  .         Spirit   .     (no cloak)
rCorr  .         Warding  .     o - +0 pair of gloves
rMut   .         Stasis   .     (no boots)
MR     .....                    (no amulet)
Stlth  ..........               (no ring)
                                k - ring of positive energy

@: not resistant to hostile enchantments, extremely unstealthy
A: retaliatory headbutt, horns 2
a: no special abilities


You were on level 3 of the Dungeon.
You were hungry.

You visited 1 branch of the dungeon, and saw 3 of its levels.

You collected 121 gold pieces.

Inventory:

Hand weapons
 a - a +0 flail (weapon)
Missiles
 i - 5 needles of frenzy
 p - 15 poisoned needles
Armour
 c - a +0 shield (worn)
 o - a +0 pair of gloves (worn)
 w - a +0 chain mail (worn)
Jewellery
 b - an uncursed amulet of regeneration {unknown}
 k - a ring of positive energy (left hand)
Magical devices
 v - a wand of frost (19)
Scrolls
 f - a scroll of remove curse
 l - a scroll of fog {unknown}
 n - a scroll of enchant weapon
 q - a scroll of amnesia {unknown}
 t - a scroll of immolation
Potions
 d - 2 potions of might
 j - a potion of cancellation
 m - a potion of curing
 s - a potion of degeneration
Books
 h - a book of the Tempests

   Spells                             Type                      Level
   a - Static Discharge               Conjuration/Air              3
   b - Lightning Bolt                 Conjuration/Air              5
   c - Fireball                       Conjuration/Fire             5
   d - Tornado                        Air                          9
   e - Shatter                        Earth                        9
Comestibles
 e - 2 bread rations
 g - a meat ration
 u - a beef jerky


   Skills:
 + Level 4.4 Fighting
 + Level 3.4 Maces & Flails
 + Level 4.4 Armour
 + Level 1.6 Dodging
 + Level 4.6 Shields


You had 3 spell levels left.
You didn't know any spells.

Dungeon Overview and Level Annotations

Branches:
Dungeon (3/15)

Altars:
Xom

Annotations:
D:3 Sigmund


Innate Abilities, Weirdness & Mutations

You reflexively headbutt those who attack you in melee.
You have a pair of horns on your head.


Message History

You barely miss something. Your headbutt misses something. Something hits you!
You barely miss something. Something hits you.
You hit something. Something hits you but does no damage.
You closely miss something. Something hits you.
You hit something but do no damage. Your headbutt misses something.
You closely miss something.
You hear some strange, mumbled words.
A magic dart appears from out of thin air!
The magic dart hits you!
* * * LOW HITPOINT WARNING * * *
You closely miss something. Something hits you but does no damage.
You miss something. Something hits you.
* * * LOW HITPOINT WARNING * * *
x2 You closely miss something.
You hear some strange, mumbled words.
A puff of flame appears from out of thin air!
The puff of flame hits you!
* * * LOW HITPOINT WARNING * * *
You miss something. Something hits you!
You die...

#...........#######
#...........###
#.(...........#
#.............#######
#.............?.....#
##########..........#
#..........#
#.=........#
#####.{@...# #......#
#......# ###...##
#...# #...# #...#
#....


There were no monsters in sight!

Vanquished Creatures
  A big kobold (D:3)
  3 adders (D:2)
  An ooze (D:2)
  2 worms (D:2)
  A giant gecko (D:2)
  An orc (D:3)
  A ball python (D:2)
  3 bats
  4 hobgoblins
  2 jackals (D:1)
  3 giant cockroaches
  2 giant newts
  A goblin (D:2)
  3 kobolds
  A rat (D:2)
29 creatures vanquished.

Notes
Turn   | Place    | Note
--------------------------------------------------------------
     0 | D:1      | karlkraus the Minotaur Fighter began the quest for the Orb.
     0 | D:1      | Reached XP level 1. HP: 19/19 MP: 0/0
    78 | D:1      | Reached XP level 2. HP: 27/27 MP: 1/1
   555 | D:2      | Reached skill level 4 in Shields
   631 | D:2      | Reached XP level 3. HP: 28/33 MP: 2/2
   809 | D:2      | Found a shimmering altar of Xom.
   990 | D:3      | Noticed a big kobold
   997 | D:3      | Killed a big kobold
   997 | D:3      | Reached skill level 1 in Dodging
   997 | D:3      | Reached XP level 4. HP: 38/41 MP: 3/3
  1029 | D:3      | Noticed Sigmund
  1049 | D:3      | Slain by Sigmund

Vault maps used:
D:1:      minmay_arrival_semitransparent, grunt_decor_arrowhead
D:2:      xom_teletrap_fun, first_bread
D:3:      gup_sewer_entry_spiral, uniq_iyjb, uniq_sigmund, uniq_grinder,
          uniq_terence

Action                   |  1- 3 |  4- 6 || total
-------------------------+-------+-------++-------
Melee: Flail             |    69 |    18 ||    87
  Use: Scroll            |     6 |       ||     6
